Map: Port Aleksander LE

Players

Marsman

  • Race: Protoss Protoss
  • League: Grandmaster
  • Spawn Location: 11:00

liquidthermy (uThermal) - Winner!

  • Race: Terran Terran
  • League: Master
  • Spawn Location: 5:00

Event: DSCL Nationals 2018 - Finals

VOD

Have the link to the VOD?

Description

Time

  • Played on: Dec. 1, 2018, 11:23 a.m.
  • Length: 5:42

All games in this series

Show
View Real Time Build Order
Export as new Build Order

Marsman Protoss 

Build Orders:  

Get SALT Encoding   

  12  0:00  Probe  
  13  0:12  Probe  
  14  0:18  Pylon  
  14  0:24  Probe  
  15  0:37  Gateway  
  15  0:38  Probe  
  16  0:46  Probe, Assimilator  
  16  0:56  Probe  
  17  0:57  Pylon  
  18  1:08  Probe  
  19  1:15  Gateway  
  19  1:26  Cybernetics Core  
  19  1:33  Zealot  
  19  1:37  Probe  
  22  1:52  Stalker  
  22  2:02  Stalker  
  26  2:08  Shield Battery, Warp Gate  
  26  2:15  Stalker  
  27  2:44  Stalker  
  29  2:56  Probe  
  29  2:58  Assimilator  
  30  3:08  Probe  
  30  3:11  Pylon  
  31  3:29  Probe  
  32  3:45  Probe  
  32  3:47  Stargate  
  32  3:48  Nexus  
  33  3:54  Gateway  
  33  3:57  Probe, Gateway  
  32  4:11  Sentry  
  32  4:13  Probe  
  32  4:14  Pylon  
  35  4:18  Pylon  
  35  4:20  Oracle  
  38  4:32  Probe  
  39  4:43  Stalker  
  39  4:44  Probe  
  42  4:48  Phoenix  
  42  4:56  Probe  
  45  5:01  Pylon  
  45  5:12  Phoenix  
  47  5:18  Stalker  
  47  5:32  Stalker x2  
Show
View Real Time Build Order
Export as new Build Order

liquidthermy Terran - Winner!

Build Orders: Reaper Expand 

Get SALT Encoding   

  12  0:01  SCV  
  13  0:13  SCV  
  14  0:18  Supply Depot  
  14  0:25  SCV  
  15  0:40  Barracks, SCV  
  16  0:44  Refinery  
  16  0:52  SCV  
  17  1:04  SCV  
  18  1:16  SCV  
  19  1:29  Orbital Command, Reaper  
  20  1:41  Command Center  
  20  1:53  Supply Depot  
  20  1:55  SCV  
  20  2:00  Marine  
  22  2:07  SCV  
  23  2:10  Factory  
  23  2:16  Bunker  
  23  2:20  SCV  
  24  2:23  Marine  
  25  2:31  Engineering Bay  
  24  2:40  SCV  
  24  2:41  Marine  
  25  2:54  Factory Tech Lab  
  25  2:58  SCV  
  26  2:59  Marine  
  26  3:02  Refinery  
  26  3:07  Command Center  
  26  3:10  SCV  
  26  3:12  Supply Depot  
  27  3:13  Cyclone  
  27  3:18  Marine  
  31  3:28  Starport  
  31  3:34  SCV  
  31  3:45  Marine  
  31  3:46  SCV  
  36  3:48  Cyclone  
  36  3:49  Bunker  
  36  3:58  SCV  
  37  4:03  Marine  
  38  4:10  SCV  
  39  4:18  Medivac  
  39  4:22  SCV  
  39  4:23  Cyclone  
  45  4:33  Barracks x2  
  45  4:34  SCV  
  45  4:35  Engineering Bay  
  46  4:46  Orbital Command, Barracks Reactor, SCV  
  46  4:52  Supply Depot  
  47  4:55  Cyclone  
  47  4:58  Starport Tech Lab  
  50  5:00  SCV  
  51  5:10  Missile Turret  
  51  5:11  SCV  
  51  5:12  SCV  
  53  5:24  SCV x2  
  53  5:27  Starport Reactor  
Tags
 
Add a new tag
Caveats
  • Supply blocks, unpowered buildings, or Contaminate may cause inaccurate times.
  • Supply counts are checked every 10 seconds.